 Dungeon Crawl Stone Soup version 0.31.0-9-g3a7656b989 (webtiles) character file.

Game seed: 7366388744719245181

39 qw the Shooter (level 3, -3/18 HPs)
             Began as a Spriggan Hunter on Feb 3, 2024.
             Slain by a gnoll
             ... wielding a +0 spear
              (5 damage)
             ... on level 2 of the Dungeon.
             The game lasted 00:00:17 (927 turns).

qw the Shooter (Spriggan Hunter)                     Turns: 927, Time: 00:00:17

Health: -3/18      AC:  2    Str:  7    XL:     3   Next: 28%
Magic:  4/4        EV: 19    Int: 10    God:
Gold:   103        SH:  0    Dex: 20    Spells: 2/2 levels left

rFire   . . .        a - +1 shortbow
rCold   . . .        (shield currently unavailable)
rNeg    . . .        c - +0 robe
rPois   .            (helmet restricted)
rElec   .            (no cloak)
rCorr   .            (gloves unavailable)
SInv    +            (boots unavailable)
Will    +....        (no amulet)
Stlth   ++           i - ring of willpower
HPRegen 0.23/turn    (no ring)
MPRegen 0.09/turn

%: no passive effects
@: about to teleport, very quick
A: very small, no large weapons, unfitting armour, see invisible, speed 3
a: no special abilities


You were on level 2 of the Dungeon.
You visited 1 branch of the dungeon, and saw 2 of its levels.

You collected 103 gold pieces.


Innate Abilities, Weirdness & Mutations

You are very small and have problems with some larger weapons.
You are too small for most types of armour.
You have supernaturally acute eyesight. (SInv)
You cover ground extremely quickly. (Speed+++)


   Skills:
 - Level 1.5 Fighting
 + Level 4.6 Ranged Weapons
 - Level 4.0 Dodging
 - Level 1.5 Stealth


You had 2 spell levels left.
You didn't know any spells.
Your spell library was empty.

Inventory:

Hand Weapons
 a - a +1 shortbow (weapon)
Armour
 c - a +0 robe (worn)
Jewellery
 b - an amulet of regeneration
 i - a ring of willpower (left hand)
 j - a ring of magical power
Scrolls
 g - a scroll of vulnerability {unknown}
 h - a scroll of enchant armour {unknown}
Potions
 d - a potion of enlightenment
 f - a potion of magic {unknown}

Dungeon Overview and Level Annotations

Branches:
Dungeon (2/15)

Altars:


Message History

j - a ring of magical power You see here an adder corpse.
There is an open door here.
A ribbon worm and 2 gnolls come into view.
You shoot an arrow. The arrow hits the ribbon worm.
The ribbon worm is lightly wounded.
You shoot an arrow.
The arrow hits the ribbon worm but does no damage.
The ribbon worm is lightly wounded.
The gnoll shouts!
You shoot an arrow. The arrow hits the ribbon worm.
The ribbon worm is moderately wounded.
You shoot an arrow.
The arrow hits the ribbon worm but does no damage.
The ribbon worm is moderately wounded.
The ribbon worm expels a string of sticky webbing.
The stream of webbing hits you but does no damage.
You are caught in a web!
The web tears apart.
The ribbon worm misses you.
You shoot an arrow.
The arrow barely misses the ribbon worm.
The ribbon worm bites you.
You shoot an arrow. The arrow hits the ribbon worm.
The ribbon worm is moderately wounded.
The gnoll completely misses you. The ribbon worm bites you!
You shoot an arrow. The arrow hits the ribbon worm.
The ribbon worm is heavily wounded.
The gnoll completely misses you. The ribbon worm misses you.
You shoot an arrow. The arrow hits the ribbon worm!
The ribbon worm is almost dead.
The gnoll misses you. The ribbon worm bites you.
You shoot an arrow. The arrow hits the ribbon worm!
You kill the ribbon worm!
The gnoll hits you from afar with a +0 spear.
927 ||| READING scroll of teleportation.
As you read the scroll of teleportation, it crumbles to dust.
You feel strangely unstable.
The gnoll hits you from afar with a +0 spear.
You die...

#....'''''.....#.## ##......
#...##....###.#...####.......
.....................'.%.....
..#########...####.......
#..## ##...... #.## ##.....
#.# ##...# #####.##### ##+##
#.@.......# #.# #%###.###.#
#.# #g #.# #.# ##.## #g
#.###.#####...# #.
#......>##..... #.
#####.#.###.... #.
#.#........ #. #.######...
.(# #.#.


You could see 2 gnolls.

Vanquished Creatures
  An adder (D:2)
  2 ribbon worms (D:2)
  A ball python (D:2)
  2 endoplasms (D:1)
  2 giant cockroaches
  2 goblins
  A hobgoblin (D:1)
  4 kobolds (D:1)
  3 quokkas
  A bat (D:1)
  3 frilled lizards
  A rat (D:1)
23 creatures vanquished.

Notes
Turn   | Place    | Note
-------+----------+-------------------------------------------
     0 | D:1      | qw the Spriggan Hunter began the quest for the Orb.
     0 | D:1      | Reached XP level 1. HP: 10/10 MP: 2/2
     0 | D:1      | 0 ||| qw: Version: 0.3-a-155-g5e7d8dd
     0 | D:1      | 0 ||| qw: Game counter: 2992
     0 | D:1      | 0 ||| qw: Melee chars always use a shield: true
     0 | D:1      | 0 ||| qw: God list: Okawaru
     0 | D:1      | 0 ||| qw: Allow faded altars: false
     0 | D:1      | 0 ||| qw: Do Orc after clearing Dungeon:15 true
     0 | D:1      | 0 ||| qw: Do second Lair branch before Depths: true
     0 | D:1      | 0 ||| qw: Lair rune preference: random
     0 | D:1      | 0 ||| qw: Goals: Normal
     0 | D:1      | 0 ||| PLANNING D:1-11
    35 | D:1      | Reached skill level 3 in Dodging
   150 | D:1      | Reached XP level 2. HP: 14/14 MP: 3/3
   551 | D:1      | 551 ||| UPGRADING to ring of willpower.
   552 | D:1      | 552 ||| READING scroll labelled KIUGRA LAIZETZ.
   552 | D:1      | 552 ||| ENCHANTING +0 shortbow.
   553 | D:1      | 553 ||| READING 2 scrolls labelled GUCHUSMIGU.
   554 | D:1      | 554 ||| READING scroll labelled NEALAAHO YFRIGH.
   554 | D:1      | 554 ||| IDENTIFYING fuming sapphire potion
   555 | D:1      | 555 ||| READING 4 scrolls labelled IKENWY TEOR.
   556 | D:1      | 556 ||| READING scroll labelled BUDASS XALLUAK.
   561 | D:1      | 561 ||| DROPPING scroll of butterflies.
   562 | D:1      | 562 ||| DROPPING scroll of amnesia.
   563 | D:1      | 563 ||| DROPPING 3 scrolls of noise.
   749 | D:2      | Found a faded altar of an unknown god.
   891 | D:2      | Reached XP level 3. HP: 18/18 MP: 4/4
   926 | D:2      | HP: 2/18 [gnoll/+0 spear (6)]
   927 | D:2      | 927 ||| READING scroll of teleportation.
   927 | D:2      | Slain by a gnoll

Levels and vault maps discovered:
D:1:      lightli_arrival_flooded_house, layout_rooms,
          minmay_misc_feat_ornament, patterned_corridor
D:2:      layout_loops_corners, hellmonk_ecumenical_altar_heavens_door,
          corexii_corridor_pit, minmay_parallelograms, minmay_pentomino_s4,
          uniq_robin

Skill      XL: |  1  2 |
---------------+-------+-----
Dodging        | 3 4 |  4.0
Fighting       | |  1.5
Ranged Weapons | |  4.6
Stealth        | |  1.5

Action                     || total
---------------------------++-------
   Fire: Shortbow          ||    55
    Use: Scroll            ||     6
 Armour: Robe              ||     6
  Dodge: Dodged            ||     9

Table legend:
 A = Non-vault XP
 B = Vault XP
 C = Vault XP percentage of total XP
 D = Non-vault monster count
 E = Vault monster count
 F = Vault count percentage of total count
                 A         B        C        D         E       F
            +---------+---------+-------+---------+---------+-------
      Total |      57 |       0 |   0.0 |      23 |       0 |   0.0
            +---------+---------+-------+---------+---------+-------
        D:1 |      24 |       0 |   0.0 |      15 |       0 |   0.0
        D:2 |      33 |       0 |   0.0 |       8 |       0 |   0.0
            +---------+---------+-------+---------+---------+-------
